AoeStats
← kimbo

MegaRandom

509407129Analyzed
2v2 RM · 7d ago on Sep 26, 2026· 31m 52s· 4 players
Game mode
Random Map
Map size
Medium (4 player)
Population
200
Speed
Normal
Resources
Standard
Victory
Conquest
Starting age
Dark Age
Ending age
Imperial Age
RankedLock teamsTeams togetherTeam positionsShared explorationLock speedFull tech treeHidden civsTurbo modeCheats
Victory
Defeat
🇪🇸 Spanish · Spain
1368
+14
🇷🇺 Gurjaras · Russia
1360
+15
🇦🇷 Saxons · Argentina
1339
-15
🇦🇷 Varangians · Argentina
1324
-14
Pingocho
5:02 Loom
12:53 Feudal Age
16:24 Castle Age
14:18 Double-Bit Axe
15:03 Scale Barding Armor
15:05 Horse Collar
16:36 Bloodlines
17:31 Chain Barding Armor
22:44 Wheelbarrow
22:46 Husbandry
27:57 Fletching
28:13 Gold Mining
28:53 Bodkin Arrow
kimbo
9:29 Loom
11:49 Feudal Age
12:38 Man-at-Arms
16:50 Double-Bit Axe
24:45 Castle Age
28:33 Scale Mail Armor
30:08 Chain Mail Armor
31:31 Crossbowman
YuriiVegas
6:42 Loom
12:02 Feudal Age
12:39 Double-Bit Axe
14:13 Scale Barding Armor
15:15 Forging
15:04 Horse Collar
16:20 Bloodlines
18:26 Wheelbarrow
21:11 Castle Age
19:05 Gold Mining
22:17 Chain Barding Armor
21:32 Light Cavalry
22:13 Husbandry
22:46 Bow Saw
24:02 Heavy Plow
24:58 Medium Warships
25:03 Town Watch
27:27 Stone Mining
29:18 Iron Casting
32:46 Hand Cart
KinomtheKaiser
9:39 Loom
12:03 Feudal Age
17:51 Castle Age
16:39 Double-Bit Axe
19:04 Wheelbarrow
19:25 Bow Saw
18:58 Fishing Lines
21:11 Gillnets
21:52 Padded Archer Armor
26:04 Husbandry
33:19 Imperial Age
31:26 Leather Archer Armor
Connection lost

Rejoining the realm…

Still unreachable

The connection could not be restored.

Session expired

The server has moved on; the page needs a fresh start.